 Dungeon Crawl Stone Soup version 0.21.1-1-g345015fe64 (webtiles) character file.

46 KleinerIrrer the Insei (level 3, -2/23 HPs)
             Began as an Octopode Transmuter on Apr 17, 2018.
             Slain by an adder (3 damage)
             ... on level 2 of the Dungeon.
             The game lasted 00:01:47 (1259 turns).

KleinerIrrer the Insei (Octopode Transmuter)        Turns: 1259, Time: 00:01:47

Health: -2/23      AC:  1    Str:  9    XL:     3   Next: 68%
Magic:  6/6        EV: 14    Int: 20    God:
Gold:   75         SH:  0    Dex: 13    Spells: 5/6 levels left

rFire    . . .     SeeInvis .   e - +1 short sword (venom)
rCold    . . .     Gourm    .   (no shield)
rNeg     . . .     Faith    .   (helmet restricted)
rPois    .         Spirit   .   (no amulet)
rElec    .         Reflect  .   i - ring of stealth (curse)
rCorr    .         Harm     .   (no ring)
MR       .....                  (no ring)
Stlth    +++.......             (no ring)
HPRegen  0.07/turn              (no ring)
MPRegen  0.10/turn              (no ring)
                                (no ring)
                                (no ring)

@: brilliant, lethally poisoned (-2 -> -21)
A: almost no armour, stealthy swim, amphibious, 8 rings, constrict 8, camouflage
1, gelatinous body 1
a: no special abilities


You were on level 2 of the Dungeon.
You were not hungry.

You visited 1 branch of the dungeon, and saw 2 of its levels.

You collected 75 gold pieces.

Inventory:

Hand Weapons
 e - a +1 short sword of venom (weapon)
Missiles
 a - 37 arrows
Jewellery
 i - a cursed ring of stealth (left tentacle)
Scrolls
 g - a scroll of identify {unknown}
 h - a scroll of magic mapping {unknown}
 j - a scroll of teleportation {unknown}
Books
 b - a book of Changes

   Spells                             Type                      Level
   a - Beastly Appendage              Transmutation                1
   b - Sticks to Snakes               Transmutation                2
   c - Spider Form                    Transmutation/Poison         3
   d - Ice Form                       Ice/Transmutation            4
   e - Blade Hands                    Transmutation                5
Comestibles
 c - 3 rations
 f - 8 chunks of flesh


   Skills:
 - Level 1.0 Fighting
 + Level 2.7 Dodging
 * Level 4.1 Unarmed Combat
 - Level 2.0 Spellcasting
 - Level 2.0 Transmutations


You had 5 spell levels left.
You knew the following spells:

 Your Spells              Type           Power        Failure   Level  Hunger
a - Beastly Appendage     Tmut           ###...       1%          1    #......


Dungeon Overview and Level Annotations

Branches:
Dungeon (2/15)

Altars:


Innate Abilities, Weirdness & Mutations

You cannot wear most types of armour.
You are very stealthy in the water. (Stealth+)
You are amphibious.
You can wear up to eight rings at the same time.
You can use your tentacles to constrict eight enemies at once.
Your skin changes colour to match your surroundings (Stealth+).
Your rubbery body absorbs attacks. (AC +1, EV +1)


Message History

You are too injured to fight recklessly!
You are too injured to fight recklessly!
You are too injured to fight recklessly!
You hit the adder.
The adder is heavily wounded.
You constrict the adder. The adder completely misses you. The adder bites you.
You are more poisoned.
The adder poisons you!
You barely miss the adder.
The adder is heavily wounded.
You constrict the adder.
You feel sick. The adder bites you.
* * * LOW HITPOINT WARNING * * *
You are more poisoned.
The adder poisons you!
It was a potion of brilliance.
You feel clever all of a sudden.
You constrict the adder.
* * * LOW HITPOINT WARNING * * *
You feel sick. The adder barely misses you. The adder bites you.
You die...

.#.# .#.# ##.#
.#.# #... .#.#
#..# <#.## #..#
....## ##.)##
.#.#.## #....
.#.##.# #..S#
.#..#.# #..@#
.##.#.# #####...#
.....#####.......#
...........###.#.#
.##..#####.###.#.#
###.......#....#.#
#......###.....#
#######.#.######
##.##


You could see an adder.

Vanquished Creatures
  A worm (D:2)
  A dart slug (D:1)
  A leopard gecko (D:1)
  A giant cockroach (D:1)
  5 goblins (D:1)
  8 hobgoblins
  4 jackals (D:2)
  6 kobolds (D:1)
  A ball python (D:1)
  5 bats (D:1)
  A frilled lizard (D:1)
  5 rats (D:1)
39 creatures vanquished.

Notes
Turn   | Place    | Note
-------+----------+-------------------------------------------
     0 | D:1      | KleinerIrrer the Octopode Transmuter began the quest for the Orb.
     0 | D:1      | Reached XP level 1. HP: 13/13 MP: 3/3
    55 | D:1      | Reached XP level 2. HP: 3/18 MP: 5/5
   816 | D:1      | Reached XP level 3. HP: 20/23 MP: 6/6
  1033 | D:1      | Reached skill level 4 in Unarmed Combat
  1259 | D:2      | HP: 1/23 [poisoned by an adder]
  1259 | D:2      | Slain by an adder

Skill      XL: |  1  2  3 |
---------------+----------+-----
Unarmed Combat | 4 |  4.1
Fighting       | |  1.0
Dodging        | |  2.7
Spellcasting   | |  2.0
Transmutations | |  2.0

Action                   || total
-------------------------++-------
Melee: Unarmed           ||    24
       Constrict         ||    22
       Tentacles         ||    12
       Short sword       ||    54
       Punch             ||     3
  Use: Potion            ||     1
 Stab: Sleeping          ||     3
  Eat: Chunk             ||     1
Armor: Skin              ||     5
Dodge: Dodged            ||    50
